 Dungeon Crawl Stone Soup version 0.29.1-2-gbd0b4ee654 (webtiles) character file.

Game seed: 18343815276196876665

415 Shaithis the Chopper (level 6, -15/56 HPs)
             Began as a Hill Orc Berserker on Nov 14, 2022.
             Was a Believer of Trog.
             Demolished by an ogre
             ... wielding a +0 giant club
              (35 damage)
             ... on level 4 of the Dungeon.
             The game lasted 00:09:03 (5245 turns).

Shaithis the Chopper (Hill Orc Berserker)           Turns: 5245, Time: 00:09:03

Health: -15/56     AC:  2    Str: 22    XL:     6   Next: 91%
Magic:  6/6        EV: 12    Int:  7    God:    Trog [**....]
Gold:   170        SH:  0    Dex: 10    Spells: 5/5 levels left

rFire   . . .      SeeInvis .   a - +0 hand axe
rCold   . . .      Faith    .   (no shield)
rNeg    . . .      Spirit   .   b - +0 animal skin
rPois   .          Reflect  .   (no helmet)
rElec   .          Harm     .   (no cloak)
rCorr   .          Rampage  .   (no gloves)
Will    .....                   (no boots)
Stlth   +.........              (no amulet)
HPRegen 0.18/turn               (no ring)
MPRegen 0.10/turn               (no ring)

@: no status effects
A: no striking features
a: Renounce Religion, Berserk, Trog's Hand


You were on level 4 of the Dungeon.
You worshipped Trog.
Trog was pleased with you.
You visited 1 branch of the dungeon, and saw 4 of its levels.

You collected 170 gold pieces.

Inventory:

Hand Weapons
 a - a +0 hand axe (weapon)
Armour
 b - a +0 animal skin (worn)
Jewellery
 f - a ring of protection from cold
 k - a +4 ring of evasion
Wands
 c - a wand of quicksilver (7)
Scrolls
 d - a scroll of immolation {unknown}
 e - a scroll of noise
 h - a scroll of magic mapping {unknown}
 j - a scroll of fear {unknown}
 l - 2 scrolls of teleportation {unknown}
 m - 2 scrolls of amnesia {unknown}
 p - a scroll of vulnerability {unknown}
 q - a scroll of torment {unknown}
 v - a scroll of summoning {unknown}
Potions
 g - 2 potions of degeneration {unknown}
 i - a potion of curing {unknown}
 o - 2 potions of haste {unknown}
 r - 2 potions of might {unknown}
 s - a potion of mutation {unknown}
 t - a potion of berserk rage {unknown}
 u - a potion of lignification {unknown}


   Skills:
 * Level 5.4 Fighting
 * Level 6.6 Axes
 * Level 3.4 Armour
 * Level 3.2 Dodging
 + Level 0.4 Stealth


You had 5 spell levels left.
You didn't know any spells.
Your spell library was empty.

Dungeon Overview and Level Annotations

Branches:
Dungeon (4/15)             Temple (0/1) D:4

Altars:
Kikubaaqudgha
Ru
Sif Muna
Vehumet

Annotations:
D:4 3 runed translucent doors, daba11's ghost, amateur MiBe; zorance's ghost, amateur DrTm


Message History

You are too injured to fight recklessly!
You are too injured to fight recklessly!
You are too injured to fight recklessly!
You are too injured to fight recklessly!
You are too injured to fight recklessly!
You are too injured to fight recklessly!
You are too injured to fight recklessly!
You are too injured to fight recklessly!
You are too injured to fight recklessly!
You are too injured to fight recklessly!
You are too injured to fight recklessly!
You are too injured to fight recklessly!
You are too injured to fight recklessly!
You are too injured to fight recklessly!
You are too injured to fight recklessly!
You are too injured to fight recklessly!
You are too injured to fight recklessly!
You are too injured to fight recklessly!
You are too injured to fight recklessly!
You are too injured to fight recklessly!
You are too injured to fight recklessly!
You are too injured to fight recklessly!
You are too injured to fight recklessly!
You are too injured to fight recklessly!
You are too injured to fight recklessly!
You hit the ogre.
The ogre is moderately wounded.
The ogre completely misses you.
You barely miss the ogre.
The ogre is moderately wounded.
You hit the ogre.
The ogre is heavily wounded.
The ogre barely misses you.
You hit the ogre.
The ogre is heavily wounded.
You closely miss the ogre.
The ogre is heavily wounded.
The ogre hits you with a +0 giant club!!
Ouch! That really hurt!
You die...

......#
#######...........##8...
.#....#
#...........#!....
.#....#
#......<[...#P....
##....#
#...........#⌠....
.#....#
#....^......#PW...
.#....#
#....#'#########++
.#....#
#....#.....'!.....
..#####
#....#.....#...... ..#
#@...#.....#...... ..#
#O...#.....#.....# ..#
.##+########.....# ..#
.. #.....# ..# ...
#.....# ..# .... #.....#
### ##### #######


You could see an ogre.

Vanquished Creatures
  A black bear (D:4)
  A phantom (D:4)
  2 orc priests (D:3)
  A jelly (D:4)
  An orc wizard (D:4)
  6 adders
  2 dart slugs
  A worm (D:4)
  10 orcs
  3 ball pythons
  4 bats
  4 endoplasms
  5 giant cockroaches
  6 goblins
  6 hobgoblins
  4 jackals (D:2)
  7 quokkas
  2 frilled lizards (D:2)
  3 kobolds
  3 rats
72 creatures vanquished.

Vanquished Creatures (others)
  2 withered plants (D:4)
2 creatures vanquished.

Grand Total: 74 creatures vanquished

Notes
Turn   | Place    | Note
-------+----------+-------------------------------------------
     0 | D:1      | Shaithis the Hill Orc Berserker began the quest for the
                  | Orb.
     0 | D:1      | Reached XP level 1. HP: 19/19 MP: 1/1
   269 | D:1      | Reached XP level 2. HP: 25/27 MP: 2/2
   402 | D:1      | Found a faded altar of an unknown god.
  1105 | D:2      | Found a shimmering blue altar of Sif Muna.
  1212 | D:2      | Reached XP level 3. HP: 29/33 MP: 3/3
  1942 | D:2      | Reached ** piety under Trog
  2002 | D:2      | Reached skill level 5 in Axes
  2002 | D:2      | Reached XP level 4. HP: 22/41 MP: 4/4
  2954 | D:3      | Found a radiant altar of Vehumet.
  2954 | D:3      | Found an ancient bone altar of Kikubaaqudgha.
  2956 | D:3      | Found a shimmering blue altar of Sif Muna.
  3072 | D:3      | Reached XP level 5. HP: 32/47 MP: 5/5
  3736 | D:4      | Noticed a black bear
  3757 | D:3      | Reached skill level 5 in Fighting
  4007 | D:4      | Noticed a phantom
  4011 | D:4      | Killed a phantom
  4012 | D:4      | Reached skill level 6 in Axes
  4012 | D:4      | Reached XP level 6. HP: 51/56 MP: 6/6
  4066 | D:4      | HP: 2/56 [black bear (5)]
  4067 | D:4      | Killed a black bear
  4379 | D:4      | Found a staircase to the Ecumenical Temple.
  4417 | D:4      | Found a sacrificial altar of Ru.
  5124 | D:4      | Found a runed translucent gate.
  5124 | D:4      | Found a runed translucent gate.
  5125 | D:4      | Found a runed translucent gate.
  5126 | D:4      | Noticed zorance's ghost (amateur DrTm)
  5127 | D:4      | Noticed daba11's ghost (amateur MiBe)
  5245 | D:4      | Demolished by an ogre

Illustrated notes

Levels and vault maps discovered:
D:1:      minmay_arrival_wavy_path, layout_basic, ebering_ecumenical_altar_ruins
D:2:      layout_loops_ring, basic_altar
D:3:      layout_rooms, grunt_temple_overflow_magic_moments
D:4:      layout_gridville, nicolae_ru_sacrificial_ziggurat,
          minmay_temple_entry_large_hall, gammafunk_ghost_cemetery

Skill      XL: |  1  2  3  4  5  6 |
---------------+-------------------+-----
Fighting       | 4 5 |  5.4
Axes           | 5 6 |  6.6
Dodging        | 2 3 |  3.2
Armour         | 3 |  3.4
Stealth        | |  0.4

Action                   |  1- 3 |  4- 6 || total
-------------------------+-------+-------++-------
Melee: Hand axe          |   114 |   178 ||   292
       Punch             |     3 |     1 ||     4
  Use: Potion            |       |     3 ||     3
       Scroll            |       |     1 ||     1
Armor: Animal skin       |    24 |    34 ||    58
Dodge: Dodged            |    63 |    98 ||   161
